Map: Catalyst LE

Players

Neeblet (Neeb)

  • Race: Protoss Protoss
  • League: Master
  • Spawn Location: 5:00

Guru - Winner!

  • Race: Zerg Zerg
  • League: Grandmaster
  • Spawn Location: 11:00

Event: HomeStory Cup XVI

VOD

Have the link to the VOD?

Description

Time

  • Played on: Nov. 9, 2017, 7:21 a.m.
  • Length: 4:14

All games in this series

Show
View Real Time Build Order
Export as new Build Order

Neeblet Protoss 

Build Orders: 1 Gate Expand, Oracle Opening 

Get SALT Encoding   

  12  0:02  Probe (Chrono Boost)  
  14  0:14  Probe (Chrono Boost)  
  14  0:19  Pylon  
  14  0:26  Probe (Chrono Boost)  
  15  0:33  Probe (Chrono Boost)  
  15  0:41  Probe (Chrono Boost)  
  16  0:43  Gateway  
  16  0:48  Assimilator  
  17  0:54  Probe (Chrono Boost)  
  18  1:06  Probe (Chrono Boost)  
  20  1:18  Probe (Chrono Boost)  
  20  1:25  Nexus  
  20  1:33  Cybernetics Core  
  20  1:38  Probe (Chrono Boost)  
  21  1:45  Assimilator  
  21  1:50  Probe (Chrono Boost)  
  21  1:52  Pylon  
  23  2:01  Probe (Chrono Boost)  
  23  2:08  Probe (Chrono Boost)  
  23  2:10  Adept  
  26  2:16  Probe (Chrono Boost)  
  27  2:24  Probe (Chrono Boost)  
  27  2:27  Stargate  
  28  2:30  Probe (Chrono Boost)  
  29  2:37  Probe (Chrono Boost)  
  29  2:40  Adept  
  29  2:43  Probe (Chrono Boost)  
  33  2:44  Probe (Chrono Boost)  
  34  2:55  Probe (Chrono Boost)  
  34  2:56  Probe (Chrono Boost)  
  36  2:59  Pylon  
  36  3:02  Oracle  
  37  3:07  Adept  
  37  3:11  Gateway  
  41  3:17  Shield Battery  
  39  3:21  Shield Battery  
  39  3:23  Pylon  
  38  3:38  Probe (Chrono Boost)  
  38  3:45  Probe (Chrono Boost)  
  37  3:50  Probe (Chrono Boost)  
  37  3:54  Gateway  
  40  3:55  Gateway  
  42  4:03  Pylon  
  42  4:05  Pylon  
Show
View Real Time Build Order
Export as new Build Order

Guru Zerg - Winner!

Build Orders: Hatch First 

Get SALT Encoding   

  12  0:01  Drone  
  13  0:13  Overlord  
  13  0:18  Drone  
  14  0:32  Drone x2  
  16  0:36  Drone  
  17  0:52  Hatchery  
  17  0:55  Drone  
  17  1:02  Extractor  
  16  1:10  Spawning Pool  
  15  1:14  Drone  
  15  1:17  Drone  
  17  1:21  Drone  
  18  1:29  Drone  
  19  1:40  Overlord  
  19  1:57  Queen, Zergling x2  
  22  2:03  Queen  
  22  2:06  Metabolic Boost  
  24  2:11  Zergling x2  
  24  2:13  Zergling x2  
  26  2:16  Zergling x2  
  27  2:24  Evolution Chamber, Zergling x2  
  28  2:30  Zergling x4  
  28  2:36  Overlord  
  29  2:38  Zergling x2  
  30  2:44  Zergling x2  
  30  2:48  Zergling x2  
  32  2:56  Zergling x2  
  33  2:59  Zergling x2  
  33  3:04  Zergling x4  
  35  3:06  Zergling x2  
  35  3:07  Zergling x2  
  35  3:10  Zergling x2  
  38  3:16  Zergling x2  
  39  3:20  Zergling x6  
  42  3:28  Zergling x2  
  42  3:33  Zergling x2  
  44  3:39  Zergling x2  
  44  3:43  Zergling x2  
  44  3:45  Zergling x2  
  44  3:48  Zergling x2  
Tags
 
Add a new tag
Caveats
  • Supply blocks, unpowered buildings, or Contaminate may cause inaccurate times.
  • Supply counts are checked every 10 seconds.